 Dungeon Crawl Stone Soup version 0.17.1-2-g5865329 (webtiles) character file.

3483 kaze the Nimble (level 9, -3/89 HPs)
             Began as a Troll Berserker on Jan 26, 2016.
             Was an Elder of Trog.
             Slain by an orc warrior
             ... wielding a +0 hand axe
              (10 damage)
             ... on level 8 of the Dungeon on Jan 27, 2016.
             The game lasted 00:35:28 (5551 turns).

kaze the Nimble (Troll Berserker)                   Turns: 5551, Time: 00:35:29

Health: -3/89      AC:  9    Str: 30    XL:     9   Next: 79%
Magic:  8/8        EV: 12    Int:  3    God:    Trog [****..]
Gold:   182        SH:  0    Dex:  9    Spells: 0 memorised, 8 levels left

rFire  x . .     SeeInvis .     s - +3 rapier (venom)
rCold  + . .     Clarity  .     a - +0 animal skin
rNeg   + . .     SustAt   .     (no shield)
rPois  .         Gourm    +     m - +2 hat
rElec  .         Spirit   .     g - +1 cloak
rCorr  .         Warding  +     (gloves unavailable)
rMut   .         Stasis   .     (boots unavailable)
MR     .....                    d - amulet of warding
Stlth  +.........               (no ring)
                                j - ring of ice

@: exhausted, slowed, very slow, not resistant to hostile enchantments, very
unstealthy
A: unfitting armour, claws 3, fast metabolism 3, gourmand, regeneration 2,
shaggy fur 1, tough skin 2
a: Berserk, Trog's Hand, Brothers in Arms, Burn Spellbooks, Renounce Religion


You were on level 8 of the Dungeon.
You worshipped Trog.
Trog was greatly pleased with you.
You were not hungry.

You visited 1 branch of the dungeon, and saw 8 of its levels.

You collected 294 gold pieces.
You spent 112 gold pieces at shops.

Inventory:

Hand Weapons
 s - a +3 rapier of venom (weapon)
Armour
 a - a +0 animal skin (worn)
 g - a +1 cloak (worn)
 m - a +2 hat (worn)
 t - a +2 robe of fire resistance
Jewellery
 d - an amulet of warding (around neck)
 j - a ring of ice (left claw)
Scrolls
 c - a scroll of noise {unknown}
 f - a scroll of fog {unknown}
 i - a scroll of remove curse
 k - 4 scrolls of teleportation
 p - a scroll of holy word {unknown}
 r - a scroll of magic mapping
 v - 3 scrolls of identify
Potions
 h - a potion of ambrosia {unknown}
 l - a potion of magic {unknown}
 n - 4 potions of curing {unknown}
 o - 3 potions of poison {unknown}
 q - 2 potions of berserk rage {unknown}
 w - a potion of heal wounds {unknown}
 x - a potion of mutation {unknown}
 A - a potion of resistance {unknown}
 D - 2 potions of might {unknown}
 E - a potion of flight {unknown}
Books
 e - a book of Death

   Spells                             Type                      Level
   a - Corpse Rot                     Necromancy                   2
   b - Sublimation of Blood           Necromancy                   2
   c - Agony                          Necromancy                   5
   d - Dispel Undead                  Necromancy                   5
   e - Excruciating Wounds            Charms/Necromancy            5
   f - Bolt of Draining               Conjuration/Necromancy       5
   Trog disapproves of the use of such an item.
 y - a Grand Grimoire

   Spells                             Type                      Level
   a - Monstrous Menagerie            Summoning                    6
   b - Summon Greater Demon           Summoning                    7
   c - Malign Gateway                 Summoning/Translocation      7
   d - Summon Horrible Things         Summoning                    8
   Trog disapproves of the use of such an item.
 C - a book of the Tempests

   Spells                             Type                      Level
   a - Static Discharge               Conjuration/Air              3
   b - Lightning Bolt                 Conjuration/Air              5
   c - Fireball                       Conjuration/Fire             5
   d - Tornado                        Air                          9
   e - Shatter                        Earth                        9
   Trog disapproves of the use of such an item.
Comestibles
 b - 6 bread rations
 u - 4 chunks of flesh
 z - a meat ration
 B - 2 slices of pizza


   Skills:
 + Level 5.8 Fighting
 * Level 5.3 Short Blades
   Level 2.9 Maces & Flails
 + Level 8.1 Dodging
 + Level 0.7 Stealth
 + Level 4.8 Unarmed Combat


You had 8 spell levels left.
You didn't know any spells.

Dungeon Overview and Level Annotations

Branches:
Dungeon (8/15)             Temple (0/1) D:4
   Lair: D:8-11

Altars:
Gozag
Kikubaaqudgha
Makhleb
Okawaru
Ru
Trog
Yredelemnul
The Shining One

Shops:
D:4 =(}   D:8 }


Innate Abilities, Weirdness & Mutations

You are too large for most types of armour.
You have claws for hands.
Your metabolism is lightning-fast.
You like to eat raw meat.
You heal very quickly.
You are covered in fur (AC +1).
You have very tough skin (AC +2).


Message History

* * * LOW HITPOINT WARNING * * *
You closely miss the orc warrior.
The orc warrior is lightly wounded.
The orc warrior hits you but does no damage.
You hit the orc warrior.
The orc warrior looks even sicker.
The orc warrior is moderately wounded.
The orc warrior hits you but does no damage.
You closely miss the orc warrior.
The orc warrior is heavily wounded.
The orc warrior hits you but does no damage.
The orc warrior hits you with a hand axe!
* * * LOW HITPOINT WARNING * * *
You hit the orc warrior but do no damage.
The orc warrior is heavily wounded.
The orc warrior hits you with a hand axe.
* * * LOW HITPOINT WARNING * * *
You puncture the orc warrior!
The orc warrior is almost dead.
The orc warrior hits you with a hand axe!
You die...

# ##≈ ..≈≈ ..≈≈.
...≈.o#### #
....ooo@.# ##
.....###.# #. ... #.#
#. ####### #.# ####
#. ....... #.### #..#
##
.......##...###..## #
............[#....#
.......#####......###
# .......
##.......#####


You could see an orc warrior and 3 orcs.

Vanquished Creatures
  The ghost of Lonerover the Fighter, a novice DrBe of Trog (D:8)
  Pikel (D:6)
  Eustachio (D:5)
  A sky beast (D:7)
  A phantom (D:6)
  2 black bears
  An ogre (D:8)
  A centaur (D:6)
  5 giant frogs
  A wyvern zombie (D:8)
  2 scorpions
  A water moccasin skeleton (D:5)
  5 wights
  3 crimson imps
  2 centaur zombies
  6 orc priests
  A jelly (D:7)
  6 orc wizards
  An iguana (D:5)
  8 worker ants
  A hound skeleton (D:3)
  Robin (D:2)
  A worker ant zombie (D:5)
  4 gnolls (D:6)
  5 adders
  2 shadow imps
  An ooze (D:3)
  A worm (D:6)
  5 giant geckos
  37 orcs
  3 giant cockroaches
  21 goblins
  13 hobgoblins
  22 jackals
  6 kobolds
  2 quokkas
  4 ball pythons
  9 bats
  A giant cockroach zombie (D:5)
  3 giant newts
  4 rats
196 creatures vanquished.

Vanquished Creatures (others)
  A slave (D:6)
  A shadow imp (D:6)
2 creatures vanquished.

Grand Total: 198 creatures vanquished

Notes
Turn   | Place    | Note
--------------------------------------------------------------
     0 | D:1      | kaze the Troll Berserker began the quest for the Orb.
     0 | D:1      | Reached XP level 1. HP: 22/22 MP: 0/0
   565 | D:1      | Reached XP level 2. HP: 29/29 MP: 1/1
  1024 | D:2      | Reached ** piety under Trog
  1024 | D:2      | Reached XP level 3. HP: 33/36 MP: 2/2
  1149 | D:2      | Noticed Robin
  1198 | D:2      | Killed Robin
  1360 | D:2      | Found a faded altar to an unknown god.
  1361 | D:2      | Reached XP level 4. HP: 44/44 MP: 3/3
  1715 | D:3      | Reached *** piety under Trog
  1761 | D:3      | Reached skill level 4 in Unarmed Combat
  1761 | D:3      | Reached XP level 5. HP: 32/53 MP: 4/4
  1965 | D:3      | Reached XP level 6. HP: 57/61 MP: 5/5
  2169 | D:4      | Found a staircase to the Ecumenical Temple.
  2169 | D:4      | Found Daimoiq's Jewellery Shop.
  2761 | D:4      | Reached **** piety under Trog
  2852 | D:4      | Reached skill level 5 in Dodging
  2854 | D:4      | Found Ogoqoj's Antique Weapon Emporium.
  2864 | D:4      | Bought a runed rapier for 112 gold pieces
  2869 | D:4      | Found Xuugg's Gadget Emporium.
  2945 | D:4      | Reached XP level 7. HP: 30/67 MP: 6/6
  3038 | D:5      | Entered Level 5 of the Dungeon
  3206 | D:5      | Noticed Eustachio
  3228 | D:5      | Killed Eustachio
  3228 | D:5      | Reached skill level 1 in Short Blades
  3228 | D:5      | Reached skill level 1 in Maces & Flails
  3796 | D:6      | Reached skill level 6 in Dodging
  3796 | D:6      | Reached XP level 8. HP: 20/78 MP: 7/7
  3812 | D:6      | Noticed Pikel
  4078 | D:6      | Killed Pikel
  4378 | D:6      | Reached skill level 7 in Dodging
  4576 | D:7      | Reached XP level 9. HP: 84/87 MP: 8/8
  4636 | D:7      | Reached skill level 5 in Fighting
  5148 | D:8      | Noticed Lonerover's ghost (novice DrBe)
  5180 | D:8      | Killed Lonerover's ghost
  5180 | D:8      | Reached skill level 5 in Short Blades
  5260 | D:8      | Found an ancient bone altar of Kikubaaqudgha.
  5261 | D:8      | Found a glowing golden altar of the Shining One.
  5261 | D:8      | Found a burning altar of Makhleb.
  5263 | D:8      | Found an opulent altar of Gozag.
  5263 | D:8      | Found an iron altar of Okawaru.
  5265 | D:8      | Found a basalt altar of Yredelemnul.
  5265 | D:8      | Found a sacrificial altar of Ru.
  5266 | D:8      | Found a bloodstained altar of Trog.
  5359 | D:8      | Reached skill level 8 in Dodging
  5408 | D:8      | Found Meewn's Gadget Shoppe.
  5551 | D:8      | Slain by an orc warrior

Action                   |  1- 3 |  4- 6 |  7- 9 || total
-------------------------+-------+-------+-------++-------
Melee: Unarmed           |   137 |   188 |       ||   325
       Rapier            |       |    12 |   349 ||   361
Invok: Berserk           |     1 |     1 |     6 ||     8
       Trog's Hand       |       |     2 |     5 ||     7
  Use: Scroll            |       |     5 |     4 ||     9
  Eat: Chunk             |    19 |    12 |    16 ||    47
       Bread ration      |       |       |     2 ||     2
       Pizza             |       |       |     1 ||     1
       Beef jerky        |       |       |     1 ||     1
